cohdb
Replays
Latest Replays
All Replays
Popular Replays
Top Player Replays
Match Explorer
How It Works
Community
CoH3 Stats
Reddit
Sign in to upload your games and track your stats! →
Sign in with Steam
Match 44781188
Unlisted
Match 44781188
Overview
Messages
Build Orders
End
Construct Barracks
Riflemen Squad
Selects Heavy Weapons
Riflemen Squad
Riflemen Squad
M1 Mortar Team
Construct Weapon Support Center
Selects Assault Carriers
Bazooka Squad
Air Support Center
M3 Assault Carrier
Grasshopper Recon Run
P-47 Strafing Run
M3 Assault Carrier
M3 Assault Carrier
Selects M2HB .50cal Heavy Machine Gun
Selects Gallant Stand
Engineer Squad
Scout Squad
M3 Assault Carrier
Grasshopper Recon Run
M1919 Machine Gun Team
Alika-v
Jimi Mayer
Agent-S
huaichen
Gwangju's Hero Chun Doo-gwang
freedman1984
General Rommel
jssam1234
0
0
Comments
sign in to comment!
No comments posted yet!